AoeStats
← Ypsilon

Black Forest

509472720Analyzed
4v4 RM · 6d ago on Sep 26, 2026· 48m 3s· 8 players
Game mode
Random Map
Map size
Large (8 player)
Population
200
Speed
Normal
Resources
Standard
Victory
Conquest
Starting age
Dark Age
Ending age
Imperial Age
RankedLock teamsTeams togetherTeam positionsShared explorationLock speedFull tech treeHidden civsTurbo modeCheats
Victory
Defeat
🇦🇷 Persians · Argentina
1275
+12
🇳🇱 Danes · Netherlands
1257
+13
🇧🇷 Bohemians · Brazil
1228
+14
🇺🇸 Varangians · United States
1113
+18
🇪🇸 Spanish · Spain
1201
-15
🇬🇧 Italians · United Kingdom
1193
-15
🇮🇳 Japanese · India
1165
-14
🇪🇸 Khmer · Spain
1147
-13
El Cid Cantaor
11:09 Feudal Age
16:41 Castle Age
14:41 Double-Bit Axe
15:24 Fletching
15:26 Town Watch
15:59 Padded Archer Armor
15:59 Horse Collar
17:22 Bodkin Arrow
18:07 Husbandry
20:43 Loom
22:43 Leather Archer Armor
30:29 Imperial Age
28:37 Wheelbarrow
28:19 Bow Saw
28:40 Forging
28:33 Gold Mining
28:14 Pikeman
30:29 Iron Casting
30:55 Hand Cart
31:03 Squires
32:34 Chemistry
32:28 Scale Mail Armor
33:40 Chain Mail Armor
33:05 Halberdier
35:24 Blast Furnace
mcasado10
10:25 Feudal Age
17:05 Castle Age
15:13 Double-Bit Axe
16:14 Stone Mining
16:18 Gold Mining
16:52 Scale Barding Armor
18:38 Bow Saw
19:06 Forging
24:26 Wheelbarrow
27:12 Bloodlines
27:03 Husbandry
27:08 Loom
27:39 Hand Cart
27:38 Horse Collar
28:38 Gold Shaft Mining
28:27 Heavy Plow
33:10 Imperial Age
34:02 Cavalier
35:52 Chemistry
35:13 Ballistics
35:11 Double Crossbow
35:32 Conscription
35:57 Crop Rotation
35:17 Elite Ballista Elephant
39:00 Chain Barding Armor
42:34 Plate Barding Armor
41:50 Fletching
42:02 Padded Archer Armor
44:39 Light Cavalry
46:06 Iron Casting
45:46 Hussar
TheLegendOfTheSuperheroBunny
11:33 Feudal Age
12:27 Double-Bit Axe
15:19 Castle Age
14:17 Horse Collar
20:10 Bow Saw
24:42 Wheelbarrow
26:31 Loom
26:49 Gold Mining
26:49 Stone Mining
28:07 Fletching
28:18 Padded Archer Armor
31:18 Imperial Age
29:03 Bodkin Arrow
29:33 Ballistics
28:54 Treadmill Crane
29:24 Masonry
29:51 Hand Cart
29:24 Town Watch
30:02 Leather Archer Armor
30:10 Thumb Ring
32:48 Conscription
32:37 Bracer
33:07 Ring Archer Armor
33:40 Chemistry
33:13 Architecture
36:39 Crossbowman
37:24 Arbalester
38:51 Elite Skirmisher
46:28 Scale Mail Armor
46:38 Forging
Dante_^
1:03 Loom
13:49 Feudal Age
16:33 Horse Collar
19:47 Castle Age
19:10 Double-Bit Axe
20:03 Town Watch
20:52 Bow Saw
25:14 Heavy Plow
26:00 Stone Mining
26:03 Gold Mining
27:50 Wheelbarrow
27:18 Fishing Lines
30:31 Gold Shaft Mining
33:15 Imperial Age
31:40 Squires
31:26 Arson
32:38 Hand Cart
33:33 Scale Mail Armor
33:44 Forging
34:00 Elite Samurai
35:01 Conscription
37:19 Chain Mail Armor
37:40 Iron Casting
36:42 Pikeman
40:22 Plate Mail Armor
40:53 Blast Furnace
40:49 Fletching
41:01 Padded Archer Armor
42:27 Parthian Tactics
41:22 Heavy Cavalry Archer
42:09 Thumb Ring
42:32 Elite Skirmisher
43:17 Bodkin Arrow
43:38 Leather Archer Armor
44:52 Ballistics
45:33 Chemistry
44:39 Siege Engineers
44:28 Guard Tower
45:32 Bracer
46:02 Ring Archer Armor
Bubble Formation
8:37 Loom
13:18 Feudal Age
14:17 Double-Bit Axe
19:25 Castle Age
18:00 Fishing Lines
19:32 Forging
20:34 Gold Mining
22:05 Bow Saw
24:28 Gillnets
26:26 Wheelbarrow
26:32 Scale Mail Armor
27:40 Hand Cart
28:00 Gambesons
29:11 Town Watch
29:27 Horse Collar
32:34 Imperial Age
31:19 Squires
31:05 Arson
31:56 Heavy Plow
33:46 Iron Casting
32:40 Elite Varangian Guard
34:40 Chain Mail Armor
35:10 Conscription
34:13 Gothikon
36:10 Conscription
36:31 Masonry
38:24 Crop Rotation
39:02 Architecture
41:34 Blast Furnace
41:04 Plate Mail Armor
40:26 Fletching
45:00 Bodkin Arrow
45:24 Fortified Wall
Theurarthur
0:55 Loom
11:56 Feudal Age
16:51 Castle Age
15:20 Double-Bit Axe
16:17 Stone Mining
16:30 Horse Collar
19:10 Bow Saw
19:09 Horse Collar
23:51 Fletching
31:04 Imperial Age
29:35 Wheelbarrow
36:20 Capped Ram
38:47 Conscription
38:47 Heavy Plow
39:04 Padded Archer Armor
38:56 Crossbowman
39:30 Fishing Lines
40:31 Thumb Ring
40:50 Bodkin Arrow
41:10 Leather Archer Armor
40:55 Gold Mining
41:52 Onager
43:42 Leather Archer Armor
43:59 Ballistics
44:44 Hand Cart
45:29 Elite Varangian Guard
46:21 Scale Mail Armor
46:31 Forging
46:22 Bracer
46:43 Gambesons
47:45 Gold Shaft Mining
Polaco
9:41 Feudal Age
10:52 Loom
13:07 Double-Bit Axe
13:03 Horse Collar
16:49 Castle Age
17:37 Wheelbarrow
19:04 Bow Saw
20:06 Heavy Plow
21:45 Gold Mining
22:33 Hand Cart
25:29 Bloodlines
25:20 Husbandry
29:37 Imperial Age
26:53 Town Watch
28:16 Town Patrol
28:24 Scale Barding Armor
28:30 Forging
30:05 Chain Barding Armor
30:48 Gold Shaft Mining
29:39 Cavalier
30:56 Iron Casting
31:35 Chemistry
32:25 Savar
34:08 Blast Furnace
35:52 Plate Barding Armor
36:13 Light Cavalry
36:56 Stone Mining
37:29 Ballistics
37:02 Fletching
37:48 Citadels
37:58 Conscription
37:46 Hussar
40:30 Murder Holes
40:32 Bodkin Arrow
41:10 Crop Rotation
44:11 Padded Archer Armor
Ypsilon
11:07 Feudal Age
12:00 Double-Bit Axe
14:52 Castle Age
15:46 Bow Saw
15:53 Horse Collar
20:39 Heavy Plow
21:31 Wheelbarrow
21:33 Fervor
23:20 Hand Cart
22:55 Loom
28:28 Imperial Age
27:01 Chemistry
27:15 Padded Archer Armor
28:43 Leather Archer Armor
29:23 Houfnice
32:22 Two-Man Saw
32:53 Conscription
32:40 Wagenburg Tactics
34:04 Bombard Tower
33:59 Siege Engineers
35:51 Fletching
35:48 Arrowslits
36:55 Ring Archer Armor
37:00 Masonry
37:11 Ballistics
37:12 Bodkin Arrow
38:42 Architecture
39:33 Sanctity
41:22 Coinage
41:02 Guilds
42:26 Bracer
43:04 Caravan
44:42 Banking
Connection lost

Rejoining the realm…

Still unreachable

The connection could not be restored.

Session expired

The server has moved on; the page needs a fresh start.